Map: Récif abyssal EC

Players

PISTOLAxHERO

  • Race: Terran Terran
  • League: Gold
  • Spawn Location: 5:00

zidar - Winner!

  • Race: Zerg Zerg
  • League: Gold
  • Spawn Location: 11:00

VOD

Have the link to the VOD?

Description

Time

  • Played on: June 28, 2017, 2:06 p.m.
  • Length: 7:18
Show
View Real Time Build Order
Export as new Build Order

PISTOLAxHERO Terran 

Build Orders:  

Get SALT Encoding   

  12  0:03  SCV  
  13  0:15  SCV  
  14  0:22  Supply Depot  
  14  0:27  SCV  
  15  0:43  SCV  
  15  0:45  Barracks  
  16  0:55  SCV  
  17  1:02  Barracks  
  17  1:08  SCV  
  18  1:18  Barracks  
  18  1:20  SCV  
  19  1:27  Refinery  
  19  1:32  SCV  
  20  1:35  Marine  
  21  1:43  Supply Depot  
  21  1:44  SCV  
  22  1:56  SCV  
  23  2:04  Marine  
  23  2:08  SCV  
  25  2:10  Marine x2  
  27  2:20  Refinery, SCV  
  27  2:22  Marine  
  29  2:28  Marine x2  
  31  2:30  Engineering Bay  
  31  2:39  Supply Depot  
  31  2:42  Barracks Tech Lab  
  31  2:48  Barracks Reactor  
  31  2:49  Barracks Reactor  
  31  2:57  Barracks  
  31  3:08  Terran Infantry Weapons Level 1  
  31  3:14  Marine  
  32  3:27  Combat Shield  
  32  3:29  Marine x2  
  32  3:30  Marine  
  32  3:31  Marine  
  32  3:32  Marine  
  37  3:47  Factory  
  37  3:54  Barracks Reactor  
  37  4:09  Command Center  
  37  4:17  Refinery  
  37  4:20  Marine  
  37  4:21  Marine  
  39  4:32  Orbital Command  
  39  4:50  Missile Turret  
  39  4:52  Missile Turret  
  39  4:59  Missile Turret  
  39  5:10  Supply Depot  
  39  5:15  Terran Infantry Armor Level 1  
  39  5:20  Marine x3  
  39  5:21  SCV  
  43  5:23  SCV  
  43  5:25  Marine  
  45  5:28  Marine  
  45  5:31  Marine  
  45  5:33  SCV  
  48  5:41  SCV  
  49  5:45  Refinery  
  49  5:53  SCV  
  49  5:55  SCV, Engineering Bay  
  51  6:05  SCV  
  51  6:06  Marine x2  
  51  6:09  Marine  
  55  6:17  SCV  
  55  6:20  Armory  
  27  6:53  Marine x2  
  27  6:54  Marine x2  
Show
View Real Time Build Order
Export as new Build Order

zidar Zerg - Winner!

Build Orders: Hatch First 

Get SALT Encoding   

  12  0:01  Drone  
  13  0:12  Overlord  
  13  0:17  Drone  
  14  0:31  Drone x2  
  16  0:54  Hatchery  
  16  0:55  Drone  
  16  0:59  Extractor  
  16  1:01  Drone  
  16  1:19  Spawning Pool  
  16  1:23  Drone  
  15  2:06  Queen  
  15  2:07  Queen  
  19  2:11  Zergling x8  
  23  2:17  Metabolic Boost  
  23  2:31  Zergling x2  
  23  2:33  Spine Crawler  
  23  2:36  Zergling x2  
  24  2:40  Zergling x2  
  25  2:58  Drone x3  
  25  3:05  Overlord  
  28  3:23  Zergling x8  
  28  3:25  Zergling x2  
  33  3:29  Zergling x2  
  34  3:59  Roach Warren  
  32  4:29  Roach Warren  
  32  4:41  Roach  
  32  4:44  Overlord x2  
  32  4:45  Overlord x2  
  34  4:49  Extractor  
  33  5:23  Roach x5  
  33  5:24  Roach x5  
  53  5:51  Ravager x3  
  56  6:07  Ravager  
  57  6:15  Zergling x2  
  57  6:16  Zergling x8  
Tags
 
Add a new tag
Caveats
  • Supply blocks, unpowered buildings, or Contaminate may cause inaccurate times.
  • Supply counts are checked every 10 seconds.